 Dungeon Crawl Stone Soup version 0.26-a0-812-g31a745ddcd (webtiles) character file.

Game seed: 1344877612333441410

164 Borgoz the Covered (level 5, -9/36 HPs)
             Began as a Halfling Fighter on Dec 7, 2020.
             Killed by divine providence
             ... invoked by an orc priest
              (12 damage)
             ... on level 3 of the Dungeon.
             The game lasted 00:02:45 (2076 turns).

Borgoz the Covered (Halfling Fighter)               Turns: 2076, Time: 00:02:46

Health: -9/36      AC: 11    Str: 17    XL:     5   Next: 73%
Magic:  5/5        EV:  9    Int:  6    God:
Gold:   98         SH: 10    Dex: 15    Spells: 4/4 levels left

rFire    . . .     SeeInvis .   a - +0 rapier
rCold    . . .     Faith    .   c - +0 kite shield
rNeg     . . .     Spirit   .   l - +0 scale mail
rPois    .         Reflect  .   j - +0 helmet
rElec    .         Harm     .   k - +0 cloak
rCorr    .         Rampage  .   g - +1 pair of gloves
MR       .....                  (no boots)
Stlth    +.........             (no amulet)
HPRegen  0.12/turn              (no ring)
MPRegen  0.09/turn              (no ring)

@: mighty, hasted, very quick
A: small, mutation resistance 1
a: no special abilities


You were on level 3 of the Dungeon.
You visited 1 branch of the dungeon, and saw 3 of its levels.

You collected 98 gold pieces.

Inventory:

Hand Weapons
 a - a +0 rapier (weapon)
 b - a +0 dagger of holy wrath
Armour
 c - a +0 kite shield (worn)
 g - a +1 pair of gloves (worn)
 j - a +0 helmet (worn)
 k - a +0 cloak (worn)
 l - a +0 scale mail (worn)
Scrolls
 f - a scroll of fear
Potions
 e - 2 potions of flight
 h - a potion of heal wounds {unknown}
 i - a potion of haste


   Skills:
 * Level 3.5 Fighting
 * Level 3.5 Short Blades
 * Level 4.3 Armour
 + Level 1.3 Dodging
 + Level 1.6 Stealth
 + Level 3.7 Shields


You had 4 spell levels left.
You didn't know any spells.
Your spell library was empty.

Dungeon Overview and Level Annotations

Branches:
Dungeon (3/15)

Altars:


Innate Abilities, Weirdness & Mutations

You are small and have problems with some larger weapons.
You are somewhat resistant to further mutation.


Message History

The orc is severely wounded.
The orc closely misses you.
You closely miss the orc.
The orc is severely wounded.
The orc priest calls upon Beogh to heal the orc.
The orc's wounds heal themselves!
The orc priest invokes the aid of Beogh against you.
Pain shoots through your body!
* * * LOW HITPOINT WARNING * * *
The orc hits you but does no damage.
You see here a scroll labelled HIRUOG ECYESO.
It was a potion of haste.
You feel yourself speed up.
The orc priest invokes the aid of Beogh against you.
Pain shoots through your body!
* * * LOW HITPOINT WARNING * * *
You block the orc's attack. The orc closely misses you.
You feel very mighty all of a sudden.
The orc priest calls down the wrath of Beogh upon you.
Beogh smites you!
You die...

. ##. #.. #o#
#.# ........#
#.# ........#
##.#
........####o.#
........##o@o##
........##.###
........##...#
...>....##...#
........##>..#
#####..<.....#
.....####...#
##### #...# .
##...#


You could see an orc priest and 2 orcs.

Vanquished Creatures
  A hound (D:2)
  Natasha (D:3)
  3 adders (D:2)
  4 dart slugs
  2 worms (D:3)
  A leopard gecko (D:2)
  3 orcs (D:3)
  5 bats
  6 giant cockroaches
  5 goblins
  7 hobgoblins
  4 jackals
  5 kobolds
  3 quokkas
  3 ball pythons
  3 frilled lizards
  11 rats
67 creatures vanquished.

Notes
Turn   | Place    | Note
-------+----------+-------------------------------------------
     0 | D:1      | Borgoz the Halfling Fighter began the quest for the Orb.
     0 | D:1      | Reached XP level 1. HP: 15/15 MP: 1/1
   123 | D:1      | Reached XP level 2. HP: 20/20 MP: 2/2
   550 | D:1      | Reached XP level 3. HP: 22/25 MP: 3/3
  1064 | D:2      | Reached XP level 4. HP: 31/31 MP: 4/4
  1074 | D:2      | Reached skill level 1 in Stealth
  1295 | D:2      | Reached skill level 1 in Dodging
  1750 | D:2      | Reached skill level 4 in Armour
  1750 | D:2      | Reached XP level 5. HP: 27/36 MP: 5/5
  1950 | D:3      | Noticed Natasha
  1956 | D:3      | Killed Natasha
  2076 | D:3      | Killed from afar by an orc priest

Illustrated notes

Levels and vault maps discovered:
D:1:      lightli_arrival_chessboard, layout_basic, minmay_pentomino_p2
D:2:      layout_basic
D:3:      layout_rooms, nemelex_lonely_heart_becter, uniq_natasha

Skill      XL: |  1  2  3  4 |
---------------+-------------+-----
Fighting       | 3 |  3.5
Short Blades   | 3 |  3.5
Stealth        | 1 |  1.6
Dodging        | 1 |  1.3
Armour         | 4 |  4.3
Shields        | |  3.7

Action                   |  1- 3 |  4- 6 || total
-------------------------+-------+-------++-------
Melee: Rapier            |    93 |   130 ||   223
  Use: Scroll            |     5 |     1 ||     6
       Potion            |       |     2 ||     2
Armor: Scale mail        |    43 |    58 ||   101
Dodge: Dodged            |    36 |    35 ||    71
Block: Kite shield       |    42 |    66 ||   108

Table legend: (Time is in decaauts)
 A = Elapsed time spent in this place.
 B = Non-inter-level travel time spent in this place.
 C = Inter-level travel time spent in this place.
 D = Time resting spent in this place.
 E = Time spent auto-exploring this place.
 F = Levels seen in this place.
 G = Mean time per level.
                   A        B        C        D        E       F      G
               +--------+--------+--------+--------+--------+-----+--------+
         Total |   2108 |   2083 |     25 |    215 |   1393 |   3 |  702.7 |
       Dungeon |   2108 |   2083 |     25 |    215 |   1393 |   3 |  702.7 |
               +--------+--------+--------+--------+--------+-----+--------+

Top non-repeatable levels by time:
     D:2: 1249 daAuts
     D:1: 607 daAuts
     D:3: 252 daAuts
